 Dungeon Crawl Stone Soup version 0.29-a0-613-gf2c431b9b9 (webtiles) character file.

Game seed: 8978891269165570735

25 freelancePsychic the Skirmisher (level 2, -2/23 (24) HPs)
             Began as a Demonspawn Chaos Knight on June 17, 2022.
             Slain by an ufetubus (4 damage)
             ... summoned by Xom
             ... on level 1 of the Dungeon.
             The game lasted 00:01:25 (981 turns).

freelancePsychic the Skirmisher (DsCK)               Turns: 981, Time: 00:01:25

HP:   -2/23 (24)    AC:  5    Str: 12      XL:     2   Next: 82%
MP:   2/2           EV: 11    Int: 13      God:
Gold: 68            SH:  0    Dex:  9 (12) Spells: 1/1 levels left

rFire   . . .      SeeInvis .   a - +0 short sword
rCold   . . .      Faith    .   (no shield)
rNeg    . . .      Spirit   .   b - +2 leather armour
rPois   .          Reflect  .   (no helmet)
rElec   .          Harm     .   (no cloak)
rCorr   .          Rampage  .   (no gloves)
Will    .....                   (no boots)
Stlth   +.........              (no amulet)
HPRegen 0.07/turn               (no ring)
MPRegen 0.08/turn               (no ring)

@: mighty, lightly drained
A: powered by pain 1
a: no special abilities


You were on level 1 of the Dungeon.
You visited 1 branch of the dungeon, and saw 1 of its levels.

You collected 68 gold pieces.

Inventory:

Hand Weapons
 a - a +0 short sword (weapon)
Armour
 b - a +2 leather armour (worn)
 c - a +0 plate armour
Jewellery
 e - a ring of fire
Potions
 d - a potion of curing {@q1}


   Skills:
 + Level 3.2 Fighting
 + Level 3.0 Maces & Flails
 + Level 2.1 Armour
 + Level 1.4 Dodging


You had one spell level left.
You didn't know any spells.
Your spell library contained the following spells:

 Spells                   Type           Power      Damage    Failure   Level
 Confusing Touch          Hex            0%         N/A       75%         3
 Yara's Violent Unravell  Hex/Tmut       0%         3d3       100%        5
 Enfeeble                 Hex            0%         N/A       100%        7


Dungeon Overview and Level Annotations

Branches:
Dungeon (1/15)

Altars:


Innate Abilities, Weirdness & Mutations

You sometimes gain a little power by taking damage.


Message History

The quasit closely misses you.
The quasit claws you but does no damage.
The quasit bites you. The quasit barely misses you.
The quasit closely misses you.
You aren't carrying any scrolls.
Okay, then.
You aren't carrying any items that you can evoke.
Unknown command.
The quasit attacks as you move away! The quasit barely misses you. x2
The quasit claws you. The quasit attacks as you move away!
The quasit bites you.
The quasit claws you but does no damage.
The quasit barely misses you. x2; The quasit claws you.
You feel clumsy. The quasit closely misses you.
The quasit attacks as you move away! The quasit barely misses you.
The quasit claws you but does no damage. x2
The quasit bites you but does no damage.
The quasit barely misses you. The quasit claws you.
* * * LOW HITPOINT WARNING * * *
You feel clumsy. The quasit attacks as you move away!
The quasit bites you but does no damage.
The quasit closely misses you.
The quasit claws you but does no damage.
The quasit attacks as you move away! The quasit barely misses you.
The quasit claws you but does no damage.
The quasit closely misses you.
You barely miss the ufetubus. The quasit barely misses you.
The quasit claws you but does no damage. x2
The ufetubus hits you but does no damage.
The ufetubus hits you.
* * * LOW HITPOINT WARNING * * *
The quasit bites you but does no damage.
The quasit claws you but does no damage.
The quasit claws you.
* * * LOW HITPOINT WARNING * * *
The ufetubus hits you but does no damage.
The ufetubus barely misses you. x2; The ufetubus hits you.
You die...

##.......# #.....
#.......## #.....
#..)...## #.....
#......# #.....
#......#######.....
#..................
#.#..........#..###
#..#...##...#...#
#.@.#..##..#....#
#555.#....#.....#
#.5...#..#.....##
#.5##..##..##..#
#..##..##..##..#
##.4..#..#.....#
#...#5.5.#....#
#..#5.##..#...#
#.#...##.5.#..#


You could see a chaos spawn (summoned, inner flame), 2 quasits, a shadow imp
(summoned) and 3 ufetubi.

Vanquished Creatures
  2 dart slugs (D:1)
  3 ball pythons (D:1)
  A bat (D:1)
  3 endoplasms (D:1)
  3 hobgoblins (D:1)
  A jackal (D:1)
  2 frilled lizards (D:1)
  3 kobolds (D:1)
  A rat (D:1)
19 creatures vanquished.

Notes
Turn   | Place    | Note
-------+----------+-------------------------------------------
     0 | D:1      | freelancePsychic the Demonspawn Chaos Knight began the
                  | quest for the Orb.
     0 | D:1      | Reached XP level 1. HP: 18/18 MP: 1/1
     0 | D:1      | Fell from the grace of Xom
    89 | D:1      | Reached skill level 1 in Dodging
   441 | D:1      | Gained mutation: You sometimes gain a little power by
                  | taking damage. [demonic ancestry]
   441 | D:1      | Reached XP level 2. HP: 24/24 MP: 2/2
   629 | D:1      | XOM: confusion
   957 | D:1      | XOM: summons 7 hostile demons
   958 | D:1      | Noticed a chaos spawn
   981 | D:1      | Slain by an ufetubus

Illustrated notes

Levels and vault maps discovered:
D:1:      dpeg_arrival_rhombi, layout_basic, serial_corexii_hall,
          corexii_hall_statues_u, chequers_hall_statues_wall_a, minivault_26,
          minmay_distorted

Skill      XL: |  1  2 |
---------------+-------+-----
Dodging        | 1 |  1.4
Armour         | 2 |  2.1
Maces & Flails | 3 |  3.0
Fighting       | |  3.2

Action                   || total
-------------------------++-------
Melee: Unarmed           ||    26
       Short sword       ||    41
       Punch             ||     2
Invok: Renounce Religion ||     1
  Use: Scroll            ||     1
       Potion            ||     1
Armor: Leather armour    ||    49
Dodge: Dodged            ||    80

Table legend: (Time is in decaauts)
 A = Elapsed time spent in this place.
 B = Non-inter-level travel time spent in this place.
 C = Inter-level travel time spent in this place.
 D = Time resting spent in this place.
 E = Time spent auto-exploring this place.
 F = Levels seen in this place.
 G = Mean time per level.
                   A        B        C        D        E       F      G
               +--------+--------+--------+--------+--------+-----+--------+
         Total |    984 |    984 |      0 |    296 |    520 |   1 |  984.0 |
       Dungeon |    984 |    984 |      0 |    296 |    520 |   1 |  984.0 |
               +--------+--------+--------+--------+--------+-----+--------+

Top non-repeatable levels by time:
     D:1: 984 daAuts
